 Dungeon Crawl Stone Soup version 0.28-a0-1444-g6c55d0bc0c (webtiles) character file.

Game seed: 6948816538838261510

509 Deminshera the Charlatan (level 6, -14/69 HPs)
             Began as a Demonspawn Wanderer on Jan 10, 2022.
             Was an Initiate of Okawaru.
             Demolished by an ogre (23 damage)
             ... on level 4 of the Dungeon.
             The game lasted 00:05:01 (6255 turns).

Deminshera the Charlatan (Demonspawn Wanderer)      Turns: 6255, Time: 00:05:04

Health: -14/69     AC: 12    Str: 14    XL:     6   Next: 98%
Magic:  7/7        EV:  9    Int: 13    God:    Okawaru [......]
Gold:   199        SH:  4    Dex: 13    Spells: 7/7 levels left

rFire   + . .      SeeInvis .   a - +0 quarterstaff
rCold   + . .      Faith    .   (shield currently unavailable)
rNeg    . . .      Spirit   .   b - +2 scale mail
rPois   +          Reflect  .   (no helmet)
rElec   +          Harm     .   e - +0 cloak
rCorr   +          Rampage  .   (no gloves)
Will    .....                   (no boots)
Stlth   ..........              l - amulet of the acrobat
HPRegen 0.21/turn               (no ring)
MPRegen 0.10/turn               (no ring)

@: berserking, lethally poisoned (-14 -> -18), resistant, very quick
A: claws 1, molten scales 1, condensation shield
a: Renounce Religion


You were on level 4 of the Dungeon.
You worshipped Okawaru.
Okawaru was noncommittal.
You visited 2 branches of the dungeon, and saw 6 of its levels.

You collected 199 gold pieces.

Inventory:

Hand Weapons
 a - a +0 quarterstaff (weapon)
 f - a +3 hunting sling
Missiles
 i - 74 stones (quivered)
 w - 18 sling bullets
Armour
 b - a +2 scale mail (worn)
 e - a +0 cloak (worn)
Jewellery
 l - an amulet of the acrobat (around neck)
Wands
 n - a wand of polymorph (11)
 r - a wand of mindburst (13)
 u - a wand of paralysis (7)
Scrolls
 c - a scroll of fog
 g - a scroll of silence {unknown}
 h - a scroll of brand weapon {unknown}
 j - 2 scrolls of identify {unknown}
 m - a scroll of holy word {unknown}
 v - a scroll of vulnerability {unknown}
 y - a scroll of teleportation {unknown}
 z - a scroll of fear {unknown}
 C - 2 scrolls of enchant weapon {unknown}
Potions
 o - a potion of attraction {unknown}
 p - a potion of mutation {unknown}
 q - a potion of invisibility {unknown}
 s - a potion of flight {unknown}
 t - a potion of curing {unknown}
 x - a potion of ambrosia {unknown}
 A - a potion of might {unknown}
 B - a potion of heal wounds {unknown}


   Skills:
 - Level 2.7 Fighting
 - Level 1.8 Staves
 + Level 3.8(3.9) Slings
 - Level 1.0(2.5) Throwing
 - Level 3.6 Armour
 - Level 1.0 Dodging
 - Level 1.0 Spellcasting
 - Level 5.0 Evocations


You had 7 spell levels left.
You didn't know any spells.
Your spell library contained the following spells:

 Spells                   Type           Power      Damage    Failure   Level
 Foxfire                  Conj/Fire      0%         2x1d4     75%         1
 Conjure Flame            Conj/Fire      0%         6-21      98%         3
 Inner Flame              Hex/Fire       0%         N/A       98%         3
 Flame Wave               Conj/Fire      0%         2d4       100%        4


Dungeon Overview and Level Annotations

Branches:
Dungeon (5/15)             Temple (1/1) D:4

Altars:
Ashenzari
Cheibriados
Dithmenos
Elyvilon
Fedhas
Gozag
Hepliaklqana
Kikubaaqudgha
Makhleb
Nemelex Xobeh
Okawaru
Qazlal
Ru
Sif Muna
Trog
Uskayaw
Vehumet
Wu Jian
Xom
Yredelemnul
Zin
The Shining One

Shops:
D:1 *

Annotations:
D:4 Natasha


Innate Abilities, Weirdness & Mutations

You have sharp fingernails.
You are partially covered in molten scales. (AC +2)
A meltable shield of frost defends you. (SH +4)


Message History

No target in view!
No target in view!
No target in view!
No target in view!
No target in view!
Unknown command.
You start resting.
You feel sick. x5
You are no longer poisoned.
You climb downwards.
The hound zombie bites you but does no damage.
The ogre hits you with a +0 giant club.
The hound zombie bites you but does no damage.
The ogre hits you but does no damage.
There is a stone staircase leading up, spattered with blood here.
The hound zombie barely misses you. The water moccasin barely misses you.
The hound zombie bites you but does no damage.
The water moccasin closely misses you.
You climb upwards.
Level annotation: Natasha
There is a stone staircase leading down here.
The water moccasin bites you.
You are poisoned.
The water moccasin poisons you!
You feel very sick.
The water moccasin bites you but does no damage.
You feel very sick.
The water moccasin completely misses you.
You feel sick. The water moccasin closely misses you.
You feel sick.
The water moccasin completely misses you.
It was a potion of resistance.
You feel protected.
You feel sick. The water moccasin barely misses you.
It was a potion of berserk rage.
A red film seems to cover your vision as you go berserk!
You feel yourself moving faster!
You feel mighty!
You feel sick. The water moccasin bites you.
* * * LOW HITPOINT WARNING * * *
The ogre hits you with a +0 giant club!!
You die...

♣≈≈≈.# #.# #.#
#..≈≈≈≈≈≈≈≈ ≈≈≈P≈# #.#
#.# ##.......... ≈≈P≈P#
#.# #.# #...≈P≈≈≈≈≈≈
.PP≈####.###.###
#..#≈≈≈≈≈P≈≈
P..............#
#..#.PP≈≈≈≈≈
.###.##..###.#.###
###..#..≈♣≈P≈P ##
#.##..# ###...#
#........≈♣♣≈≈
####.##..### #.⌠.#
###.###.#.♣♣♣♣
...........###..@#####)#
#.##.♣♣♣
####..####......OS..##)#
#......♣ #..#
##.⌠..>..⌠..#.# ####....
#..# #..........#.#
##### ####..#
####...###>#.#######
......# #.⌠.#
#.........# # .####.#
#...#####.#####.# # .#
#.# ##.##..##.# #.# # .#
#.# #.##..##.# #.# #


You could see a water moccasin and an ogre.

Vanquished Creatures
  2 water moccasins
  A centaur zombie (D:4)
  A hound (D:4)
  A gnoll shaman (D:2)
  An iguana (D:4)
  Natasha (D:4)
  An orc wizard (D:2)
  3 gnolls
  3 adders
  An adder skeleton (D:4)
  A worm (D:2)
  9 orcs
  5 ball pythons
  5 endoplasms
  3 giant cockroaches
  6 goblins
  6 hobgoblins
  3 quokkas
  7 bats
  2 frilled lizards (D:1)
  7 kobolds
  4 rats
73 creatures vanquished.

Vanquished Creatures (others)
  6 fungi (D:2)
  18 plants
  4 toadstools (D:2)
28 creatures vanquished.

Grand Total: 101 creatures vanquished

Notes
Turn   | Place    | Note
-------+----------+-------------------------------------------
     0 | D:1      | Deminshera the Demonspawn Wanderer began the quest for the
                  | Orb.
     0 | D:1      | Deminshera set off with the following items: a +0
                  | quarterstaff, a +2 scale mail, a scroll of fog
     0 | D:1      | Reached XP level 1. HP: 16/16 MP: 2/2
    28 | D:1      | Found Gaczabb's General Store.
   102 | D:1      | Gained mutation: You have sharp fingernails. [demonic
                  | ancestry]
   102 | D:1      | Reached XP level 2. HP: 23/23 MP: 3/3
   574 | D:1      | Found a faded altar of an unknown god.
   891 | D:1      | Gained mutation: You are partially covered in molten
                  | scales. (AC +2) [demonic ancestry]
   891 | D:1      | Reached XP level 3. HP: 28/28 MP: 4/4
  1069 | D:2      | Reached skill level 1 in Slings
  1628 | D:2      | Found a sparkling altar of Nemelex Xobeh.
  1856 | D:2      | Reached XP level 4. HP: 30/34 MP: 5/5
  2174 | D:3      | Noticed a water moccasin
  2186 | D:3      | Killed a water moccasin
  2187 | D:3      | Reached skill level 3 in Evocations
  2187 | D:3      | Gained mutation: A meltable shield of frost defends you.
                  | (SH +4) [demonic ancestry]
  2187 | D:3      | Reached XP level 5. HP: 13/39 MP: 6/6
  3302 | D:2      | Reached skill level 4 in Evocations
  3302 | D:2      | Reached XP level 6. HP: 27/46 MP: 7/7
  3602 | D:4      | Found a broken altar of Ashenzari.
  3827 | D:4      | Found a staircase to the Ecumenical Temple.
  3830 | D:4      | Noticed Natasha
  3842 | D:4      | Killed Natasha
  4160 | D:4      | Reached skill level 5 in Evocations
  4308 | D:4      | Noticed Natasha
  4435 | Temple   | Entered the Ecumenical Temple
  4800 | Temple   | Became a worshipper of Warmaster Okawaru
  5214 | D:4      | Found a broken altar of Ashenzari.
  5581 | D:4      | Found a staircase to the Ecumenical Temple.
  5754 | D:4      | Found a broken altar of Ashenzari.
  6223 | D:5      | Entered Level 5 of the Dungeon
  6223 | D:5      | Noticed a water moccasin
  6224 | D:5      | Noticed a water moccasin
  6239 | D:4      | Killed a water moccasin
  6255 | D:4      | Demolished by an ogre

Illustrated notes

Levels and vault maps discovered:
D:1:      mrwooster_arrival_statue_2, layout_loops_ring, serial_shops,
          nicolae_shop_advertising_works [nicolae_subvault_shop_adworks],
          shapermc_ecumenical_altar_pompeii
D:2:      layout_basic, serial_forest, infiniplex_forest_end_1,
          infiniplex_forest_clump_small, infiniplex_forest_lined_2,
          infiniplex_forest_lined_room_3, infiniplex_forest_end_2,
          infiniplex_forest_lined_corner, infiniplex_forest_clump_double,
          basic_altar, minmay_gold_behind_fungi
D:3:      layout_loops_ring, kennysheep_big_empty_room,
          amcnicky_mini_rare_corridor_liquid, chequers_serial_rivers_room_b
D:4:      layout_loops_ring, nicolae_overflow_hidden_temple,
          minmay_temple_entry_junction, serial_bayou, serial_bayou_lagoon_b,
          serial_bayou_shore_b, serial_bayou_pond_e, serial_bayou_lagoon_a,
          chequers_serial_rivers_marsh, uniq_natasha
D:5:      layout_basic, serial_co_window_serial, co_window_corner_a,
          co_window_corner_a, co_window_paths_a, co_window_cross_1,
          co_window_paths_a, co_window_unsneaky_path_c,
          co_window_unsneaky_path_a, co_window_corner_b, co_window_broadway_a,
          co_window_corner_cb, co_window_paths_e, co_window_4corner_a,
          glass_columns_a, glass_columns_a, glass_columns_a, glass_columns_c
Temple:   mainiacjoe_temple_trianglar_array

Skill      XL: |  1  2  3  4  5  6 |
---------------+-------------------+-----
Slings         | 2 3 |  3.8
Evocations     | 3 4 5 |  5.0
Fighting       | |  2.7
Staves         | |  1.8
Throwing       | |  1.0
Armour         | |  3.6
Dodging        | |  1.0
Spellcasting   | |  1.0

Action                   |  1- 3 |  4- 6 || total
-------------------------+-------+-------++-------
Melee: Quarterstaff      |    43 |   126 ||   169
       Unarmed           |     3 |       ||     3
 Fire: Hunting sling     |    71 |    14 ||    85
  Use: Potion            |       |     2 ||     2
Armor: Scale mail        |    52 |    82 ||   134
       Skin              |     2 |       ||     2
Dodge: Dodged            |    33 |    91 ||   124
Block: Other             |       |    30 ||    30

Table legend: (Time is in decaauts)
 A = Elapsed time spent in this place.
 B = Non-inter-level travel time spent in this place.
 C = Inter-level travel time spent in this place.
 D = Time resting spent in this place.
 E = Time spent auto-exploring this place.
 F = Levels seen in this place.
 G = Mean time per level.
                   A        B        C        D        E       F      G
               +--------+--------+--------+--------+--------+-----+--------+
         Total |   6385 |   6136 |    249 |    918 |   4544 |   6 | 1064.2 |
       Dungeon |   6006 |   5769 |    237 |    918 |   4182 |   5 | 1201.2 |
        Temple |    378 |    366 |     12 |      0 |    362 |   1 |  378.0 |
               +--------+--------+--------+--------+--------+-----+--------+

Top non-repeatable levels by time:
     D:4: 2684 daAuts
     D:2: 1211 daAuts
     D:3: 1134 daAuts
     D:1: 968 daAuts
  Temple: 378 daAuts
     D:5: 7 daAuts
